 Seeded DCSS version 0.29.1-15-g9cfb28693d (webtiles) character file.

Game seed: 1 (custom seed)

14 Kazon the Trooper (level 2, -2/24 HPs)
             Began as a Demonspawn Fighter on Apr 25, 2023.
             Slain by an endoplasm (3 damage)
             ... on level 1 of the Dungeon.
             The game lasted 00:02:02 (284 turns).

Kazon the Trooper (Demonspawn Fighter)               Turns: 284, Time: 00:02:03

Health: -2/24      AC:  0    Str: 16    XL:     2   Next: 27%
Magic:  2/2        EV: 10    Int:  9    God:
Gold:   72         SH:  4    Dex: 12    Spells: 1/1 levels left

rFire   . . .      SeeInvis .   (no weapon)
rCold   . . .      Faith    .   c - +0 buckler
rNeg    . . .      Spirit   .   (no body armour)
rPois   .          Reflect  .   (no helmet)
rElec   .          Harm     .   (no cloak)
rCorr   .          Rampage  .   (no gloves)
Will    .....                   (no boots)
Stlth   +.........              (no amulet)
HPRegen 0.08/turn               (no ring)
MPRegen 0.08/turn               (no ring)

@: no status effects
A: spiny 1
a: no special abilities


You were on level 1 of the Dungeon.
You visited 1 branch of the dungeon, and saw 1 of its levels.

You collected 72 gold pieces.

Inventory:

Armour
 c - a +0 buckler (worn)
Jewellery
 g - an amulet of the acrobat
Scrolls
 f - a scroll of acquirement
Potions
 a - a potion of flight {unknown}
 d - a potion of might
 e - a potion of haste {unknown}


   Skills:
 + Level 3.2 Fighting
 + Level 2.0 Long Blades
 + Level 2.9 Armour
 + Level 2.8 Shields


You had one spell level left.
You didn't know any spells.
Your spell library was empty.

Dungeon Overview and Level Annotations

Branches:
Dungeon (1/15)

Altars:


Innate Abilities, Weirdness & Mutations

You are partially covered in sharp spines.


Message History

An endoplasm and a kobold come into view.
The endoplasm quivers.
Found 4 gold pieces.
The endoplasm freezes you.
You are frozen.
You hit the endoplasm but do no damage. The endoplasm is struck by your spines.
The endoplasm closely misses you. The endoplasm is struck by your spines.
You kill the endoplasm!
The kobold hits you with a +0 whip.
* * * LOW HITPOINT WARNING * * *
This is a scroll of acquirement!
You are now empty-handed.
You drop a +0 long sword.
You block the kobold's attack. The kobold is struck by your spines.
You kill the kobold!
You start removing your armour.
You continue taking off your +0 scale mail. x4
You finish taking off your +0 scale mail.
You drop a +0 scale mail.
Things that are here:
a +0 whip; a kobold corpse
a - a ruby potion
Found 16 gold pieces.
An endoplasm comes into view.
The endoplasm quivers.
The endoplasm barely misses you.
You completely miss the endoplasm. The endoplasm is struck by your spines.
The endoplasm closely misses you. The endoplasm hits you.
* * * LOW HITPOINT WARNING * * *
The endoplasm hits you.
* * * LOW HITPOINT WARNING * * *
You block the endoplasm's attack. The endoplasm is struck by your spines.
The endoplasm misses you. You block the endoplasm's attack.
The endoplasm freezes you.
You are frozen.
* * * LOW HITPOINT WARNING * * *
The endoplasm hits you.
You die...

.....# <....+
#.#..#. .......
.....#
#.#..#.#.......
....##
....#.#.......
..###
#....+....... '##
#....#..... .#
#....#... .#
#.....J# .# .+
#....@.+ #.. .#
#......+#... .#
#..........# '#
#..........+
.#####
#..........#
.....#
#............
#....#
#####............
#....#
#................
.....#
#...............


You could see an endoplasm.

Vanquished Creatures
  2 endoplasms (D:1)
  3 goblins (D:1)
  A hobgoblin (D:1)
  A kobold (D:1)
  A quokka (D:1)
  A bat (D:1)
  3 rats (D:1)
12 creatures vanquished.

Notes
Turn   | Place    | Note
-------+----------+-------------------------------------------
     0 | D:1      | Kazon the Demonspawn Fighter began the quest for the Orb.
     0 | D:1      | Reached XP level 1. HP: 18/18 MP: 1/1
   125 | D:1      | Gained mutation: You are partially covered in sharp spines.
                  | [demonic ancestry]
   125 | D:1      | Reached XP level 2. HP: 6/24 MP: 2/2
   252 | D:1      | Identified a scroll of acquirement
   283 | D:1      | HP: 1/24 [frozen (4)]
   284 | D:1      | Slain by an endoplasm

Illustrated notes

Levels and vault maps discovered:
D:1:      dpeg_arrival_three_smaller_balls, layout_basic

Skill      XL: |  1 |
---------------+----+-----
Long Blades    | 2 |  2.0
Fighting       | |  3.2
Armour         | |  2.9
Shields        | |  2.8

Action                   || total
-------------------------++-------
Melee: Long sword        ||    28
       Unarmed           ||     1
Armor: Scale mail        ||    17
Dodge: Dodged            ||    18
Block: Buckler           ||    10
